 Dungeon Crawl Stone Soup version 0.31.0-9-g3a7656b989 (webtiles) character file.

Game seed: 5444171416468702440

629861 Baz the Conqueror (level 27, -7/228 HPs)
             Began as a Djinni Fire Elementalist on Jan 24, 2024.
             Was the Champion of Makhleb.
             Mangled by a rockslime (35 damage)
             ... on level 5 of the Pits of Slime on Jan 25, 2024.
             The game lasted 03:58:14 (66216 turns).

Baz the Conqueror (Djinni Fire Elementalist)       Turns: 66216, Time: 03:58:15

Health: -7/228     AC: 13    Str: 13    XL:     27
Gold:   7938       EV: 16    Int: 29    God:    Makhleb [******] SH: 16 Dex: 14

rFire   + + +        r - staff of the Hurting Oracle {rF+ Conj}
rCold   + + .        g - +0 kite shield
rNeg    . . .        l - +0 ice dragon scales
rPois   ∞            R - +1 helmet of Impressiveness {rF+ Will+}
rElec   +            U - +2 cloak {rCorr}
rCorr   +            Z - +1 pair of gloves of Caijadd {Regen+ rCorr Int+6 Dex-2}
SInv    .            (boots unavailable)
Will    ++++.        H - amulet "Trusted Companion" {rF+ rC+ Regen+} Stlth
                     K - ring of protection from cold
HPRegen 2.18/turn    C - ring of Remygg {rElec Will+ EV+5}
MPRegen 0.00/turn

%: infuse magic (-8 HP)
@: corroded, flying, studying Alchemy
A: sickness immunity, fire resistance 2, cold vulnerability 2, float, innate
caster, HP casting, extra vitality 1, inability to drink after injury 1
}: 4/15 runes: serpentine, barnacled, silver, abyssal
a: Renounce Religion, Minor Destruction, Lesser Servant of Makhleb, Major
Destruction, Greater Servant of Makhleb


You were on level 5 of the Pits of Slime.
You worshipped Makhleb.
Makhleb was exalted by your worship.
You visited 11 branches of the dungeon, and saw 55 of its levels.
You visited the Abyss 1 time.
You also visited: Ossuary and Gauntlet.

You collected 10207 gold pieces.
You spent 2269 gold pieces at shops.

Inventory:

Missiles
 I - 3 throwing nets
Armour
 g - a +0 kite shield (worn)
 l - +0 ice dragon scales (worn)
 R - the +1 helmet of Impressiveness (worn) {rF+ Will+}
   (You found it in a Gauntlet)

   rF+:       It protects you from fire.
   Will+:     It increases your willpower.
 U - a +2 cloak of preservation (worn)
 Z - the +1 pair of gloves of Caijadd (worn) {Regen+ rCorr Int+6 Dex-2}
   (You bought it in a shop on level 1 of the Elven Halls)

   Int+6:     It affects your intelligence (+6).
   Dex-2:     It affects your dexterity (-2).
   Regen+:    It increases your rate of health regeneration.
   rCorr:     It protects you from acid and corrosion.
Magical Staves
 r - the staff of the Hurting Oracle (weapon) {rF+ Conj}
   (You found it on level 2 of the Elven Halls)

   [staff of conjuration]

   Base accuracy: +5 Base damage: 5 Base attack delay: 1.2 This weapon's minimum
   attack delay (0.6) is reached at skill level 12.
   rF+:       It protects you from fire.
   Conj:      It increases the power of your Conjurations spells.
   It falls into the 'Staves' category.
   It is a one-handed weapon.
Jewellery
 w - the ring of Meusurch {Wiz Will+ Int+4}
   (You found it on level 3 of the Elven Halls)

   [ring of wizardry]

   Wiz:       It improves your spell success rate.
   Int+4:     It affects your intelligence (+4).
   Will+:     It increases your willpower.
 C - the ring of Remygg (right hand) {rElec Will+ EV+5}
   (You bought it in a shop on level 2 of the Orcish Mines)

   [ring of evasion]

   EV+5:      It affects your evasion (+5).
   rElec:     It insulates you from electricity.
   Will+:     It increases your willpower.
 F - a ring of see invisible
 H - the amulet "Trusted Companion" (around neck) {rF+ rC+ Regen+}
   (You acquired it on level 3 of the Lair of Beasts)

   [amulet of regeneration]

   rF+:       It protects you from fire.
   rC+:       It protects you from cold.
   Regen+:    It increases your rate of health regeneration.
 K - a ring of protection from cold (left hand)
 Q - the amulet of Vitality {RegenMP++ Regen++}
   (You took it off a tengu reaver on level 5 of the Vaults)

   [amulet of magic regeneration]

   RegenMP:   It increases your rate of magic regeneration.
   Regen++:   It increases your rate of health regeneration.
Wands
 u - a wand of digging (36)
 v - a wand of mindburst (49)
 A - a wand of paralysis (65)
 E - a wand of polymorph (40)
 N - a wand of quicksilver (67)
 P - a wand of roots (66)
 X - a wand of flame (82)
Scrolls
 b - 7 scrolls of vulnerability
 c - 7 scrolls of revelation
 d - 2 scrolls of silence
 e - 31 scrolls of identify
 j - 10 scrolls of amnesia
 k - 11 scrolls of fog
 m - 8 scrolls of enchant weapon
 n - 10 scrolls of blinking
 o - 12 scrolls of immolation
 q - 21 scrolls of teleportation
 y - 3 scrolls of summoning
 D - 4 scrolls of fear
 G - 3 scrolls of torment
 L - 5 scrolls of poison
 S - 6 scrolls of enchant armour
 V - 6 scrolls of brand weapon
Potions
 a - 8 potions of attraction
 h - 3 potions of enlightenment
 i - 10 potions of invisibility
 p - 16 potions of heal wounds
 s - 9 potions of brilliance
 t - 7 potions of might
 x - 8 potions of resistance
 z - 10 potions of mutation
 B - 4 potions of lignification
 J - 19 potions of curing
 O - 7 potions of ambrosia
 W - 3 potions of cancellation
 Y - 5 potions of haste
Miscellaneous
 f - a phantom mirror
 M - a phial of floods
 T - a box of beasts


   Skills:
 O Level 27 Fighting
 + Level 16.8 Armour
 - Level 7.0 Dodging
 - Level 1.5 Stealth
 + Level 22.8 Shields
 * Level 25.2 Spellcasting
 * Level 25.2 Conjurations
 * Level 25.2 Hexes
 * Level 25.2 Summonings
 * Level 25.2 Necromancy
 * Level 25.2 Translocations
 * Level 25.2 Fire Magic
 * Level 25.2 Ice Magic
 * Level 25.2 Air Magic
 * Level 25.2 Earth Magic
 O Level 27 Alchemy


You knew the following spells:

 Your Spells              Type           Power      Damage    Failure   Level
a - Foxfire               Conj/Fire      100%       2x1d9     0%          1
b - Scorch                Fire           100%       2d9       0%          2
c - Volatile Blastmotes   Fire/Tloc      100%       2d18      0%          3
d - Inner Flame           Hex/Fire       100%       N/A       0%          3
e - Flame Wave            Conj/Fire      100%       2d21      0%          4
f - Freeze                Ice            100%       1d10      0%          1
g - Static Discharge      Conj/Air       100%       3-8/arc   0%          2
h - Dazzling Flash        Conj/Hex       100%       N/A       0%          3
i - Frozen Ramparts       Ice            100%       1d16      0%          3
j - Fulminant Prism       Conj/Alch      68%        3d28      0%          4
k - Fireball              Conj/Fire      67%        3d25      0%          5
l - Bombard               Conj/Erth      67%        9d11      0%          6
m - Eringya's Noxious Bo  Alch           57%        4d6       0%          6
n - Dispersal             Tloc           55%        N/A       0%          6
o - Maxwell's Capacitive  Air            55%        ∞         1%          8
p - Disjunction           Tloc           55%        N/A       1%          8
q - Discord               Hex            55%        N/A       1%          8
r - Fire Storm            Conj/Fire      67%        8d17      11%         9
Your spell library was empty.

Dungeon Overview and Level Annotations

Branches:
Dungeon (15/15)            Temple (0/1) D:5            Lair (5/5) D:10
 Shoals (4/4) Lair:3        Snake (4/4) Lair:3        Slime (5/5) Lair:5
    Orc (2/2) D:9             Elf (3/3) Orc:2        Vaults (5/5) D:14
  Crypt (3/3) Vaults:2       Tomb (0/3) Crypt:3      Depths (4/4) D:15
    Zot (5/5) Depths:4    Ossuary (visited)         Gauntlet (visited)

Altars:
Ashenzari
Cheibriados
Dithmenos
Elyvilon
Fedhas
Gozag
Hepliaklqana
Makhleb
Okawaru
Qazlal
Trog
Xom
Yredelemnul
The Shining One
Lugonu

Shops:
D:3 ?   D:5 =   D:14 (   Orc:2 !=!![   Elf:1 :*!![   Elf:3 (   Shoals:2 (
Snake:1 ((!   Snake:3 (*   Vaults:4 [

Portals:
Hell: Depths:1 Depths:2 Depths:3 Depths:4
Abyss: Depths:3
Pandemonium: Depths:1 Depths:2
Ziggurat: Depths:2

Annotations:
D:4 2 transporters, TheCrane's ghost, amateur MfGl
D:7 2 transporters, Grum; tish's ghost, novice DgFE
D:8 exclusion: oklob plant
D:12 3 runed translucent doors, Ijustatesigmund's ghost, journeyman GrEE
Shoals:1 1 runed translucent door, AlterAsc's ghost, journeyman OpSh
Shoals:2 Roxanne
Snake:1 2 transporters, Dadghomedgh's ghost, adept GnHW
Elf:1 2 transporters, Naedelly's ghost, journeyman TrSh
Elf:2 3 runed translucent doors
Depths:3 3 runed translucent doors
Zot:5 1 exclusion


Innate Abilities, Weirdness & Mutations

You are immune to sickness and miasma.
You are immune to poison.
Your flesh is very heat resistant. (rF++)
You are very vulnerable to cold. (rC--)
You float through the air rather than walking.
You learn spells naturally, not from books.
Your magical power is your life essence.
You have superior vitality. (+4 MHP)
You occasionally lose the ability to drink potions when taking damage.


Message History

You feel a surge of power!
The fireball explodes!
The fireball engulfs the rockslime.
The rockslime resists.
The rockslime is lightly wounded.
The fireball engulfs the acid blob!!!
The acid blob is heavily wounded.
The fireball engulfs the azure jelly!!!
The azure jelly is burned terribly!
The azure jelly is severely wounded.
You block the azure jelly's attack. x3; The azure jelly closely misses you.
The rockslime hits you!!!
* * * LOW HITPOINT WARNING * * *
You are shoved backwards!
Casting: Fireball (safe; 0% risk of failure)
Confirm with . or Enter, or press ? or * to list all spells.
Aiming: Fireball (safe; 0% risk of failure)
Press: ? - help, Shift-Dir - straight line, f - azure jelly, p - rockslime
Aim: an azure jelly (severely wounded)
You feel a surge of power!
The fireball explodes!
The fireball engulfs the azure jelly!!!
The azure jelly is burned terribly!
You kill the azure jelly!
That felt strangely unrewarding.
The fireball engulfs the acid blob!!!
You kill the acid blob!
That felt strangely unrewarding.
The fireball engulfs the rockslime!
The rockslime resists.
The rockslime is lightly wounded.
* * * LOW HITPOINT WARNING * * *
A quicksilver ooze comes into view.
The rockslime hits you!!
* * * LOW HITPOINT WARNING * * *
You are shoved backwards!
Unknown command.
Casting: Fireball (safe; 0% risk of failure)
Confirm with . or Enter, or press ? or * to list all spells.
Aiming: Bombard (safe; 0% risk of failure)
Press: ? - help, Shift-Dir - straight line, f - rockslime
Aim: a rockslime (lightly wounded, 100% to hit)
You feel a surge of power!
The iron shot hits the rockslime!!!
The rockslime is almost dead.
* * * LOW HITPOINT WARNING * * *
The rockslime hits you!!
You die...

.................#
.................#
.................#
..................
#.............###
.#............#.#####
#...................##
##...................#
#........#J...J@....##
#......J.#...........#
#.....J§.##....<....##
#....J...#...........#
#.......J##.........##
##....J....#.........#
..........###.......##
##..........###.#.###
#...........# #####


You could see a rockslime and a quicksilver ooze.

Vanquished Creatures
  the Royal Jelly (Slime:5)
  2 dread liches
  Frederick (Vaults:4)
  2 ancient liches
  2 orbs of fire
  A juggernaut (Depths:4)
  The ghost of wilo the Conqueror, a master MfBe of Trog (Zot:4)
  Josephina (Zot:4)
  Vv (Zot:1)
  5 Killer Klowns (Zot:4)
  Boris (Crypt:2)
  Saint Roka (Depths:1)
  A curse toe (Crypt:3)
  Bai Suzhen (Depths:2)
  Nikola (Vaults:2)
  Norris (Elf:3)
  7 golden dragons
  4 bone dragons
  2 electric golems
  11 tentacled monstrosities
  Zenata (Vaults:4)
  A hellephant (Zot:4)
  An Ice Fiend (Zot:1)
  3 liches
  4 Orb Guardians
  A deep elf master archer (Elf:3)
  2 deep elf blademasters (Elf:3)
  8 titans
  A shard shrike skeleton (Crypt:3)
  8 quicksilver dragons
  Polyphemus (Shoals:2)
  A kraken (Shoals:4)
  13 death cobs
  8 sphinxes
  6 tentacled starspawn (Abyss:3)
  An Executioner (Abyss:3)
  5 ancient champions (Crypt:3)
  16 acid blobs
  7 shadow dragons
  Agnes (Snake:3)
  A revenant (Abyss:3)
  11 storm dragons
  5 tengu reavers
  5 nagarajas
  17 draconian monks
  3 draconian knights
  8 fire giants
  A protean progenitor (Zot:4)
  14 vault wardens
  8 draconian shifters
  6 rockslimes
  11 frost giants
  7 azure jellies
  3 iron dragons
  4 deep elf sorcerers
  A ghost moth (Zot:4)
  8 ghouls
  8 draconian scorchers
  A reaper (Depths:1)
  2 curse skulls
  4 deep elf elementalists (Elf:3)
  6 draconian annihilators
  A broodmother (Zot:4)
  3 draconian stormcallers
  A caustic shrike zombie (Crypt:1)
  The ghost of H0rd4k the Fighter, a journeyman HuAr of Gozag (Orc:2)
  3 spriggan defenders
  14 quicksilver oozes
  7 very ugly things
  9 formless jellyfish
  4 caustic shrike skeletons (Crypt:3)
  16 stone giants
  18 ironbound preservers
  10 ironbound thunderhulks
  2 lorocyprocas
  3 occultists (Abyss:3)
  6 deep elf demonologists
  2 minotaurs
  9 red draconians
  Nessos (Orc:2)
  6 green draconians
  The ghost of Kapsuk the Devastator, a journeyman DECj of Sif Muna (D:14)
  11 starcursed masses
  12 vampire knights
  4 war gargoyles
  9 deep elf death magi
  3 spark wasps
  14 yellow draconians
  8 black draconians
  14 white draconians
  6 deep elf annihilators
  8 purple draconians
  A blizzard demon (Depths:3)
  33 dire elephants
  4 eidola
  23 ettins
  2 merfolk javelineers
  A green death (Abyss:3)
  16 fire dragons
  2 crystal guardians
  3 jiangshi (Crypt:2)
  4 merfolk impalers
  5 entropy weavers
  7 great orbs of eyes
  27 vault guards
  16 yaktaur captains
  8 deep elf high priests
  6 salamander tyrants (Snake:4)
  5 hydras
  3 rakshasas
  10 ice dragons
  3 peacekeepers
  4 catoblepae
  A spriggan air mage (Depths:3)
  2 spriggan skeletons
  5 ogre magi
  20 centaur warriors
  4 boulder beetles
  2 merfolk aquamancers
  15 satyrs
  A bennu zombie (Crypt:3)
  7 ironbound frosthearts
  7 anacondas
  11 death yaks
  4 hell hogs (Abyss:3)
  4 merfolk avatars
  2 death knights
  2 fenstrider witch skeletons (Crypt:3)
  10 two-headed ogres
  16 dancing weapons
  5 deep troll shamans
  2 tengu warriors
  9 naga sharpshooters
  16 naga warriors
  3 vampire magi
  8 deep troll earth magi
  3 spriggan berserkers
  3 thrashing horrors (Abyss:3)
  2 orc high priests
  A shock serpent (shapeshifter) (Depths:2)
  13 deep elf knights
  3 hell knights
  Sonja (Orc:2)
  10 skysharks
  8 shock serpents
  7 soul eaters
  3 sixfirhies (Gauntlet)
  7 titan skeletons
  4 wretched stars (Abyss:3)
  3 salamander mystics
  15 sea snakes
  5 shadow wraiths
  24 skeletal warriors
  9 iron trolls
  A death drake (Abyss:3)
  3 glowing orange brains
  7 flayed ghosts
  5 arcanists
  9 mana vipers
  A mana viper (shapeshifter) (Vaults:5)
  6 naga ritualists
  60 deep trolls
  A spriggan simulacrum (Crypt:1)
  10 lindwurms
  An iron giant skeleton (Crypt:3)
  A broodmother zombie (Crypt:3)
  14 phantasmal warriors
  5 deep elf archers
  6 orc knights
  20 harpies
  3 necromancers
  28 deep elf pyromancers
  4 bog bodies
  Pikel (D:4)
  A wolf spider zombie (Crypt:3)
  15 ironbound convokers
  18 ugly things
  20 deep elf zephyrmancers
  9 orc sorcerers
  An iron dragon zombie (Crypt:2)
  A worldbinder (Abyss:3)
  15 salamanders
  20 manticores
  A stone giant zombie (Vaults:4)
  A will-o-the-wisp (Abyss:3)
  4 shining eyes
  2 shadow dragon skeletons
  24 moths of wrath
  19 fauns
  2 stone giant skeletons
  31 elephants
  6 merfolk sirens
  17 cyclopes
  4 guardian serpents
  6 water nymphs
  A formless jellyfish zombie (Crypt:2)
  5 kobold blastminers
  15 naga magi
  40 black mambas
  12 vault sentinels
  A guardian serpent (shapeshifter) (Depths:3)
  A torpor snail (Lair:4)
  A smoke demon (Depths:1)
  3 eyes of devastation
  A storm dragon simulacrum (Zot:4)
  7 large abominations (Abyss:3)
  16 cane toads
  2 gargoyles
  Maggie (D:8)
  An orange demon (Abyss:3)
  2 unseen horrors
  2 hellions (Depths:2)
  2 rime drakes
  3 kobold demonologists
  8 komodo dragons
  A naga skeleton (Crypt:1)
  2 dire elephant skeletons (Crypt:3)
  An efreet (D:14)
  A human zombie (Vaults:4)
  A pale draconian zombie (Crypt:2)
  48 yaktaurs
  A grey draconian skeleton (Crypt:2)
  3 ancient zymes (Abyss:3)
  3 tengu conjurers
  2 polar bears (Lair:5)
  5 guardian mummies (Crypt:3)
  12 trolls
  A black draconian skeleton (Crypt:3)
  A purple draconian skeleton (Crypt:1)
  16 merfolk
  A queen bee (Gauntlet)
  8 blink frogs
  2 hornets (Depths:4)
  5 wind drakes
  A hydra skeleton (Crypt:3)
  10 raiju (Abyss:3)
  3 glass eyes
  2 snapping turtles
  A merfolk zombie (Crypt:1)
  An ettin zombie (Crypt:3)
  109 slime creatures
  A centaur simulacrum (D:14)
  2 jumping spiders (shapeshifter)
  6 wraiths
  3 air elementals
  A black mamba zombie (Crypt:2)
  An ettin skeleton (Crypt:3)
  A jumping spider (Vaults:3)
  2 culicivoras (Vaults:3)
  2 spriggans (Depths:4)
  3 vampires
  14 water elementals
  A shadow (D:11)
  4 wyverns
  Eustachio (D:4)
  3 ynoxinuls (Abyss:3)
  3 wargs
  58 yaks
  6 basilisks
  A yak (shapeshifter) (D:14)
  11 golden eyes
  7 humans (Zot:4)
  5 redbacks
  A yellow draconian simulacrum (Zot:4)
  8 vampire mosquitoes
  2 neqoxecs (Abyss:3)
  3 swamp worms (Gauntlet)
  A swamp worm (shapeshifter) (Depths:2)
  3 acid dragons
  39 nagas
  2 chaos spawn (Abyss:3)
  A glowing shapeshifter zombie (Crypt:1)
  15 water moccasins
  19 orc warriors
  A moth of wrath simulacrum (Zot:4)
  2 two-headed ogre skeletons
  2 sky beasts (D:7)
  An elephant zombie (D:9)
  23 laughing skulls
  3 ice beasts
  3 black bears
  13 ogres
  8 boggarts
  14 wolves
  A dream sheep skeleton (Crypt:2)
  7 centaurs
  A lemure (D:5)
  A brain worm (Abyss:3)
  7 bullfrogs
  An earth elemental (Elf:2)
  3 kobold brigands
  An elf zombie (D:9)
  Blork the orc (D:4)
  A cyclops zombie (Crypt:3)
  2 necrophages
  A gnoll sergeant (D:10)
  9 small abominations
  3 scorpions
  A cyclops skeleton (Crypt:2)
  19 wights
  A yak zombie (Crypt:1)
  10 killer bees
  A raiju skeleton (Crypt:3)
  8 electric eels
  5 howler monkeys
  3 centaur zombies
  6 hounds
  A lava snake (Orc:1)
  A quasit (Abyss:3)
  An iron imp (Abyss:1)
  3 jellies
  10 orc priests
  3 centaur skeletons
  A gnoll bouda (D:8)
  Natasha (thrice) (D:2)
  A human skeleton (Crypt:1)
  36 orc wizards
  4 scorpion zombies (D:9)
  A sleepcap (D:8)
  4 iguanas
  10 hell rats
  2 killer bee zombies
  A boggart skeleton (Crypt:3)
  4 crocodile zombies (Ossuary)
  An ogre zombie (D:9)
  A hound zombie (D:9)
  10 mummies
  3 howler monkey zombies (D:9)
  Robin (D:2)
  12 gnolls
  8 adders
  A white imp (D:7)
  3 ufetubi (Abyss:3)
  An adder zombie (D:9)
  2 ribbon worms (D:2)
  A dart slug (D:2)
  A ribbon worm (shapeshifter) (Vaults:5)
  55 orcs
  9 ball pythons
  7 bats
  11 endoplasms
  3 giant cockroaches
  4 gnoll zombies (Ossuary)
  10 goblins
  10 hobgoblins
  3 jackals
  9 kobolds
  5 quokkas
  3 frilled lizards
  A goblin skeleton (Crypt:2)
  3 kobold zombies (Ossuary)
  6 rats
  An aspiring flesh (Zot:4)
  A foxfire (Lair:1)
  A fulminant prism (Gauntlet)
  A lurking horror (Abyss:3)
  4 starspawn tentacles (Abyss:3)
  A tentacle (Shoals:4)
2376 creatures vanquished.

Vanquished Creatures (collateral kills)
  An ironbound preserver (Vaults:5)
  2 yaks (Lair:2)
  33 foxfires
36 creatures vanquished.

Vanquished Creatures (others)
  A moth of wrath simulacrum (Zot:4)
  An orc (D:5)
  1624 foxfires
  77 fulminant prisms
  7 starspawn tentacles (Abyss:3)
  5 tentacles (Shoals:4)
1715 creatures vanquished.

Grand Total: 4127 creatures vanquished

Notes
Turn   | Place    | Note
-------+----------+-------------------------------------------
     0 | D:1      | Baz the Djinni Fire Elementalist began the quest for the
                  | Orb.
     0 | D:1      | Baz set off with the following spells memorised: Foxfire,
                  | Scorch, Volatile Blastmotes, Inner Flame, Flame Wave.
     0 | D:1      | Reached XP level 1. HP: 15/15 MP: 0/0
    89 | D:1      | Reached XP level 2. HP: 19/22 MP: 0/0
   135 | D:1      | Reached skill level 1 in Fighting
   386 | D:1      | Reached XP level 3. HP: 24/27 MP: 0/0
   386 | D:1      | Learned a level 1 spell: Freeze
   956 | D:2      | Noticed Natasha
   960 | D:2      | Killed Natasha
   961 | D:2      | Reached XP level 4. HP: 29/33 MP: 0/0
  1527 | D:2      | Noticed Natasha
  1534 | D:2      | Killed Natasha
  1535 | D:2      | Reached XP level 5. HP: 28/39 MP: 0/0
  1535 | D:2      | Learned a level 2 spell: Static Discharge
  1584 | D:2      | Noticed Robin
  1601 | D:2      | Killed Robin
  1853 | D:2      | Noticed Natasha
  1860 | D:2      | Killed Natasha
  2215 | D:3      | Found Zinelofa's Magic Scroll Emporium.
  2261 | D:3      | Bought a scroll of fog for 44 gold pieces
  2261 | D:3      | Bought a scroll of identify for 22 gold pieces
  2261 | D:3      | Bought a scroll of fear for 44 gold pieces
  2638 | D:4      | Noticed Eustachio
  2646 | D:3      | Reached XP level 6. HP: 3/46 MP: 0/0
  2818 | D:4      | Found a sand-covered staircase.
  2827 | Ossuary  | Entered an ossuary
  3159 | Ossuary  | Reached XP level 7. HP: 32/52 MP: 0/0
  3159 | Ossuary  | Learned a level 3 spell: Dazzling Flash
  3342 | D:4      | Killed Eustachio
  3540 | D:4      | Reached skill level 5 in Fighting
  3540 | D:4      | Reached skill level 1 in Armour
  3540 | D:4      | Reached XP level 8. HP: 53/59 MP: 0/0
  3584 | D:4      | Reached skill level 5 in Spellcasting
  3584 | D:4      | Reached skill level 5 in Conjurations
  3584 | D:4      | Reached skill level 5 in Hexes
  3584 | D:4      | Reached skill level 5 in Summonings
  3584 | D:4      | Reached skill level 5 in Necromancy
  3584 | D:4      | Reached skill level 5 in Translocations
  3584 | D:4      | Reached skill level 5 in Fire Magic
  3584 | D:4      | Reached skill level 5 in Ice Magic
  3584 | D:4      | Reached skill level 5 in Air Magic
  3584 | D:4      | Reached skill level 5 in Earth Magic
  3584 | D:4      | Reached skill level 5 in Alchemy
  3734 | D:4      | Noticed Blork the orc
  3750 | D:4      | Killed Blork the orc
  4042 | D:4      | Found a transporter.
  4052 | D:4      | Noticed TheCrane's ghost (amateur MfGl)
  4081 | D:4      | Found a transporter.
  4318 | D:5      | Entered Level 5 of the Dungeon
  4368 | D:5      | Noticed Pikel
  4427 | D:4      | Killed Pikel
  4428 | D:4      | Reached XP level 9. HP: 30/67 MP: 0/0
  4428 | D:4      | Learned a level 3 spell: Frozen Ramparts
  5000 | D:5      | Found Migh's Jewellery Shop.
  5171 | D:5      | Found a staircase to the Ecumenical Temple.
  5838 | D:6      | Found an opulent altar of Gozag.
  5883 | D:6      | Found a burning altar of Makhleb.
  5894 | D:6      | Became a worshipper of Makhleb the Destroyer
  6011 | D:6      | Found an iron altar of Okawaru.
  6672 | D:7      | Found a transporter.
  6677 | D:7      | Noticed tish's ghost (novice DgFE)
  6682 | D:7      | Noticed Grum
  6694 | D:7      | Identified the +4 scale mail of Patience {Regen+ Dex+5 SInv
                  | Stlth+}
  6694 | D:7      | Identified the +6 kite shield of Qoeguek {rPois}
  6711 | D:7      | Found a transporter.
  6745 | D:7      | Noticed a kobold demonologist
  6754 | D:7      | Killed a kobold demonologist
  6755 | D:7      | Reached XP level 10. HP: 45/77 MP: 0/0
  7351 | D:8      | Reached skill level 5 in Armour
  7372 | D:8      | Noticed Maggie
  7393 | D:8      | Killed Maggie
  7567 | D:8      | Found a stormy altar of Qazlal.
  7785 | D:8      | Found a glowing golden altar of the Shining One.
  7980 | D:8      | Reached * piety under Makhleb
  8251 | D:8      | Found a blossoming altar of Fedhas.
  8269 | D:8      | Noticed an oklob plant
  8336 | D:8      | Found a hazy altar of Hepliaklqana.
  8336 | D:8      | Found a white marble altar of Elyvilon.
  8344 | D:8      | Found a bloodstained altar of Trog.
  8346 | D:8      | Found a shadowy altar of Dithmenos.
  9135 | D:9      | Reached skill level 10 in Fighting
  9254 | D:9      | Noticed a kobold demonologist
  9266 | D:9      | Killed a kobold demonologist
  9270 | D:9      | Noticed a kobold demonologist
  9276 | D:9      | Killed a kobold demonologist
  9277 | D:9      | Reached XP level 11. HP: 70/86 MP: 0/0
  9277 | D:9      | Learned a level 4 spell: Fulminant Prism
  9487 | D:9      | Reached ** piety under Makhleb
  9612 | D:9      | Found a basalt altar of Yredelemnul.
  9811 | D:9      | Noticed a two-headed ogre
  9818 | D:9      | Killed a two-headed ogre
 10071 | D:9      | Found a staircase to the Orcish Mines.
 10473 | D:10     | Entered Level 10 of the Dungeon
 10861 | D:10     | Noticed a manticore
 10866 | D:10     | Killed a manticore
 11003 | D:10     | Reached *** piety under Makhleb
 11281 | D:10     | Noticed a death yak
 11281 | D:10     | Noticed a death yak
 11288 | D:10     | Noticed a death yak
 11318 | D:10     | Killed a death yak
 11335 | D:10     | Killed a death yak
 11336 | D:10     | Reached XP level 12. HP: 69/95 MP: 0/0
 11340 | D:10     | Killed a death yak
 11591 | D:10     | Found a staircase to the Lair.
 11778 | Lair:1   | Entered Level 1 of the Lair of Beasts
 11952 | Lair:1   | Noticed a boulder beetle
 11954 | Lair:1   | Reached skill level 10 in Spellcasting
 11954 | Lair:1   | Reached skill level 10 in Conjurations
 11954 | Lair:1   | Reached skill level 10 in Hexes
 11954 | Lair:1   | Reached skill level 10 in Summonings
 11954 | Lair:1   | Reached skill level 10 in Necromancy
 11954 | Lair:1   | Reached skill level 10 in Translocations
 11954 | Lair:1   | Reached skill level 10 in Fire Magic
 11954 | Lair:1   | Reached skill level 10 in Ice Magic
 11954 | Lair:1   | Reached skill level 10 in Air Magic
 11954 | Lair:1   | Reached skill level 10 in Earth Magic
 11954 | Lair:1   | Reached skill level 10 in Alchemy
 12352 | Lair:1   | Killed a boulder beetle
 12364 | Lair:1   | Reached skill level 1 in Shields
 12794 | Lair:1   | Reached **** piety under Makhleb
 12802 | Lair:1   | Reached XP level 13. HP: 56/103 MP: 0/0
 12802 | Lair:1   | Learned a level 5 spell: Fireball
 13339 | Lair:2   | Found a gate leading to a gauntlet.
 13348 | Gauntlet | Entered a Gauntlet
 13348 | Gauntlet | Found a transporter.
 13348 | Gauntlet | Found a transporter.
 13354 | Gauntlet | Found a transporter.
 13369 | Gauntlet | Found a transporter.
 13385 | Gauntlet | Found a transporter.
 13385 | Gauntlet | Found a transporter.
 13385 | Gauntlet | Found a transporter.
 13388 | Gauntlet | Found a transporter.
 13388 | Gauntlet | Found a transporter.
 13409 | Gauntlet | Found a transporter.
 13419 | Gauntlet | Found a transporter.
 13429 | Gauntlet | Found a transporter.
 13445 | Gauntlet | Found a transporter.
 13465 | Gauntlet | Found a transporter.
 13467 | Gauntlet | Noticed a catoblepas
 13761 | Gauntlet | Identified the +9 battleaxe of Righteous Anger {flame,
                  | Int+3 Dex+3}
 13991 | Gauntlet | Identified the +1 helmet of Impressiveness {rF+ Will+}
 14266 | Gauntlet | Noticed a minotaur
 14282 | Gauntlet | Killed a minotaur
 14443 | Gauntlet | Identified the staff "Killer Bee's Doom" {rPois rC+ Ice}
 15530 | Lair:3   | Noticed a six-headed hydra
 15536 | Lair:3   | Killed a six-headed hydra
 15829 | Lair:3   | Reached skill level 15 in Fighting
 15901 | Lair:3   | Found a staircase to the Shoals.
 16191 | Lair:3   | Found a staircase to the Snake Pit.
 16478 | Lair:4   | Reached XP level 14. HP: 113/114 MP: 0/0
 16966 | Lair:4   | Reached ***** piety under Makhleb
 17460 | Lair:5   | Entered Level 5 of the Lair of Beasts
 17746 | Lair:5   | Found a staircase to the Slime Pits.
 17836 | Lair:5   | Reached skill level 5 in Dodging
 18417 | Lair:5   | Identified a scroll of acquirement
 19083 | Lair:5   | Reached XP level 15. HP: 110/122 MP: 0/0
 19083 | Lair:5   | Learned a level 6 spell: Bombard
 21382 | D:12     | Found a runed translucent gate.
 21383 | D:12     | Found a runed translucent gate.
 21384 | D:12     | Found a runed translucent gate.
 21385 | D:12     | Noticed Ijustatesigmund's ghost (journeyman GrEE)
 21408 | D:12     | Identified the +2 robe of Rigez {Rampage ^Drain Regen+
                  | Int+6}
 22316 | D:13     | Reached skill level 5 in Shields
 22907 | D:14     | Found Baoskas's Weapon Emporium.
 23017 | D:14     | Reached ****** piety under Makhleb
 23043 | D:14     | Found a transporter.
 23055 | D:14     | Noticed Kapsuk's ghost (journeyman DECj)
 23210 | D:14     | You are sucked into a shaft and drop 1 floor!
 23210 | D:15     | Entered Level 15 of the Dungeon
 24028 | D:14     | Reached XP level 16. HP: 101/132 MP: 0/0
 24189 | D:14     | Found a gate to the Vaults.
 24323 | D:14     | Found a transporter.
 24870 | D:15     | Found a staircase to the Depths.
 25620 | Orc:1    | Entered Level 1 of the Orcish Mines
 26061 | Orc:1    | Identified the +9 halberd of Res Judicata {pain, rElec
                  | Stlth+}
 26941 | Orc:1    | Noticed a fire giant
 26953 | Orc:1    | Killed a fire giant
 27011 | Orc:1    | Identified the +1 glaive of the Fray {venom, Dex+3 SInv}
 27012 | Orc:1    | Identified the +1 flail "Jetticoh" {freeze, Fly rElec
                  | Int-4}
 27049 | Orc:1    | Identified the +0 leather armour "Ileesuph" {rC+++ Will++
                  | Str-4 Int-3}
 27103 | Orc:2    | Entered Level 2 of the Orcish Mines
 27114 | Orc:2    | Found a staircase to the Elven Halls.
 27145 | Orc:2    | Noticed Nessos
 27305 | Orc:2    | Killed Nessos
 27406 | Orc:2    | Found Gubiby's Distillery.
 27470 | Orc:2    | Noticed Sonja
 27472 | Orc:2    | Killed Sonja
 27611 | Orc:2    | Found a runed translucent door.
 27614 | Orc:2    | Noticed H0rd4k's ghost (journeyman HuAr)
 27628 | Orc:2    | Found a shimmering altar of Xom.
 28090 | Orc:2    | Found Irayjayc's Distillery.
 28126 | Orc:2    | Found Wepsecsu's Jewellery Shoppe.
 28139 | Orc:2    | Found Jag Namo's Antique Armour Emporium.
 28257 | Orc:2    | Found Temafis's Distillery.
 28270 | Orc:2    | Bought 2 potions of degeneration for 24 gold pieces
 28270 | Orc:2    | Bought a potion of heal wounds for 60 gold pieces
 28270 | Orc:2    | Bought a potion of heal wounds for 60 gold pieces
 28270 | Orc:2    | Bought 2 potions of curing for 72 gold pieces
 28270 | Orc:2    | Bought a potion of invisibility for 96 gold pieces
 28284 | Orc:2    | Bought the ring of Remygg {rElec Will+ EV+5} for 722 gold
                  | pieces
 28304 | Orc:2    | Bought a potion of curing for 36 gold pieces
 28304 | Orc:2    | Bought a potion of heal wounds for 60 gold pieces
 28304 | Orc:2    | Bought a potion of curing for 36 gold pieces
 28304 | Orc:2    | Bought a potion of heal wounds for 60 gold pieces
 28738 | Orc:2    | Killed H0rd4k's ghost
 28770 | Orc:2    | Identified the +7 battleaxe of Deleg {venom, Int+2}
 29147 | Snake:1  | Entered Level 1 of the Snake Pit
 29168 | Snake:1  | Reached XP level 17. HP: 131/141 MP: 0/0
 29168 | Snake:1  | Learned a level 6 spell: Eringya's Noxious Bog
 29576 | Snake:1  | Found Nydaifo's Distillery.
 29578 | Snake:1  | Found Ulikeg's Antique Weapon Shoppe.
 29580 | Snake:1  | Found Xaidus's Weapon Emporium.
 29826 | Snake:1  | Found a transporter.
 29828 | Snake:1  | Noticed Dadghomedgh's ghost (adept GnHW)
 29833 | Snake:1  | Identified the +7 sling of Wondrous Power {flame, Will+}
 29848 | Snake:1  | Found a transporter.
 30817 | Snake:2  | Identified the +4 morningstar of the Hall of Blades {heavy,
                  | rC+}
 31060 | Snake:2  | Reached skill level 15 in Spellcasting
 31060 | Snake:2  | Reached skill level 15 in Conjurations
 31060 | Snake:2  | Reached skill level 15 in Hexes
 31060 | Snake:2  | Reached skill level 15 in Summonings
 31060 | Snake:2  | Reached skill level 15 in Necromancy
 31060 | Snake:2  | Reached skill level 15 in Translocations
 31060 | Snake:2  | Reached skill level 15 in Fire Magic
 31060 | Snake:2  | Reached skill level 15 in Ice Magic
 31060 | Snake:2  | Reached skill level 15 in Air Magic
 31060 | Snake:2  | Reached skill level 15 in Earth Magic
 31060 | Snake:2  | Reached skill level 15 in Alchemy
 31506 | Snake:3  | Found Jath's Weapon Shoppe.
 31876 | Snake:3  | Found Qeseclar's Overcharged Wands.
 31923 | Snake:3  | Noticed Agnes
 31928 | Snake:3  | Killed Agnes
 32671 | Snake:4  | Entered Level 4 of the Snake Pit
 32683 | Snake:4  | Reached XP level 18. HP: 109/149 MP: 0/0
 33280 | Snake:4  | Identified the +8 spear "Unwuduf" {protect, Int+6}
 33453 | Snake:4  | Noticed a quicksilver dragon
 33459 | Snake:4  | Killed a quicksilver dragon
 33460 | Snake:4  | Reached skill level 10 in Shields
 34086 | Snake:4  | Got a serpentine rune of Zot
 34396 | Shoals:1 | Entered Level 1 of the Shoals
 35010 | Shoals:1 | Reached XP level 19. HP: 124/158 MP: 0/0
 35010 | Shoals:1 | Learned a level 6 spell: Dispersal
 35204 | Shoals:1 | Found a runed translucent door.
 35206 | Shoals:1 | Found a shimmering altar of Xom.
 35206 | Shoals:1 | Noticed AlterAsc's ghost (journeyman OpSh)
 35720 | Shoals:2 | Noticed Roxanne
 36322 | Shoals:2 | Found Oneyrch's Antique Weapon Boutique.
 36440 | Shoals:2 | Noticed Polyphemus
 36462 | Shoals:2 | Killed Polyphemus
 37705 | Shoals:4 | Entered Level 4 of the Shoals
 38420 | Shoals:4 | Identified the +3 orcbow of Falal {heavy, Str+4}
 39681 | Shoals:4 | Identified the +1 quarterstaff of the Assorted Visions
                  | {flame, rElec}
 39730 | Shoals:4 | Got a barnacled rune of Zot
 40078 | Lair:3   | Acquired the amulet "Trusted Companion" {rF+ rC+ Regen+}
 40091 | Lair:3   | Acquired 1241 gold pieces
 40231 | Elf:1    | Entered Level 1 of the Elven Halls
 40236 | Elf:1    | Reached XP level 20. HP: 168/168 MP: 0/0
 40386 | Elf:1    | Found Wungep's Distillery.
 40397 | Elf:1    | Bought a potion of ambrosia for 96 gold pieces
 40397 | Elf:1    | Bought a potion of curing for 36 gold pieces
 40397 | Elf:1    | Bought a potion of mutation for 96 gold pieces
 40397 | Elf:1    | Bought a potion of heal wounds for 60 gold pieces
 40397 | Elf:1    | Bought a potion of curing for 36 gold pieces
 40478 | Elf:1    | Found a transporter.
 40484 | Elf:1    | Found a transporter.
 40485 | Elf:1    | Found a bloodstained altar of Trog.
 40491 | Elf:1    | Found Saebeen's Distillery.
 40518 | Elf:1    | Found Maes's Book Emporium.
 40611 | Elf:1    | Noticed Naedelly's ghost (journeyman TrSh)
 40667 | Elf:1    | Found Hahilun's General Store.
 40678 | Elf:1    | Bought a potion of heal wounds for 60 gold pieces
 40891 | Elf:1    | Found Tutyse Dixoe's Armour Shop.
 40899 | Elf:1    | Bought the +1 pair of gloves of Caijadd {Regen+ rCorr Int+6
                  | Dex-2} for 549 gold pieces
 41171 | Elf:2    | Identified the staff of the Hurting Oracle {rF+ Conj}
 41408 | Elf:2    | Found a runed translucent gate.
 41408 | Elf:2    | Found a runed translucent gate.
 41409 | Elf:2    | Found a runed translucent gate.
 41496 | Elf:3    | Entered Level 3 of the Elven Halls
 41498 | Elf:3    | Identified the +1 leather armour "Icydey" {Rampage rCorr
                  | MP-9 Dex-3 SInv}
 41919 | Elf:3    | Identified the +1 hand axe of the Countless Prophets
                  | {antimagic, Will+ Stlth+}
 41920 | Elf:3    | Identified the ring "Wigonn" {Fly Will+}
 41957 | Elf:3    | Identified the +2 glaive of Urygue Ubel {freeze, rF++
                  | Dex+2}
 42071 | Elf:3    | Identified the +10 plate armour of Misanthropy {rElec Str+2
                  | Int+2}
 42085 | Elf:3    | Identified the ring of Ogrizade {Str+6 Int+2}
 42095 | Elf:3    | Identified the ring of Meusurch {Wiz Will+ Int+4}
 42114 | Elf:3    | Identified the ring of Wuvvum {rF+ Str+3 Dex+3}
 42163 | Elf:3    | Identified the +1 orcbow of Charity {drain, rPois rF- Int-5
                  | Dex+5}
 42179 | Elf:3    | Identified the +4 spear of the Final Chapter {freeze, rF-
                  | rN++ Will+}
 42180 | Elf:3    | Identified the +3 double sword "Doofutwiot" {speed, Str+3}
 42228 | Elf:3    | Identified the +8 quarterstaff of Analysis {flame, rC+}
 42230 | Elf:3    | Identified the +4 rapier of the Usurping Boar {flame,
                  | Dex+4}
 42378 | Elf:3    | Noticed Norris
 42385 | Elf:3    | Killed Norris
 42386 | Elf:3    | Reached XP level 21. HP: 145/176 MP: 0/0
 42386 | Elf:3    | Learned a level 8 spell: Maxwell's Capacitive Coupling
 42441 | Elf:3    | Identified the +0 chain mail of Muttered Phrases {Int+3}
 42590 | Elf:3    | Found Inikurr's Weapon Boutique.
 42883 | Vaults:1 | Entered Level 1 of the Vaults
 44353 | Vaults:2 | Noticed Nikola
 44374 | Vaults:2 | Killed Nikola
 44818 | Vaults:2 | Noticed a bone dragon
 44830 | Vaults:2 | Killed a bone dragon
 44862 | Vaults:2 | Found a staircase to the Crypt.
 45005 | Vaults:2 | Reached XP level 22. HP: 171/185 MP: 0/0
 46045 | Vaults:3 | Noticed a golden dragon
 46048 | Vaults:3 | Killed a golden dragon
 47121 | Vaults:4 | Found Rezaaz's Antique Armour Emporium.
 47155 | Vaults:4 | Noticed Zenata
 47162 | Vaults:4 | Identified the orb of Eternal Night {light, rF- Str+2
                  | Dex+4}
 47162 | Vaults:4 | Noticed Frederick
 47248 | Vaults:4 | Killed Frederick
 47249 | Vaults:4 | Reached XP level 23. HP: 195/195 MP: 0/0
 47249 | Vaults:4 | Learned a level 8 spell: Disjunction
 47468 | Vaults:4 | Reached skill level 15 in Shields
 48022 | Vaults:4 | Killed Zenata
 48382 | Depths:1 | Entered Level 1 of the Depths
 48549 | D:14     | Killed Kapsuk's ghost
 48603 | D:14     | Identified the +0 pair of boots of the Quiescent God
                  | {Dex+2}
 48792 | Depths:1 | Noticed Saint Roka
 48902 | Depths:1 | Killed Saint Roka
 48973 | Depths:1 | Found a snail-covered altar of Cheibriados.
 49543 | Depths:1 | Found a one-way gate leading to the halls of Pandemonium.
 49711 | Depths:1 | Found a gateway to Hell.
 49836 | Depths:2 | Noticed Bai Suzhen
 49843 | Depths:2 | Killed Bai Suzhen
 49913 | Depths:2 | Found a one-way gateway to a ziggurat.
 50388 | Depths:2 | Reached XP level 24. HP: 202/204 MP: 0/0
 50390 | Depths:2 | Found a broken altar of Ashenzari.
 51460 | Depths:3 | Found a runed translucent gate.
 51460 | Depths:3 | Found a runed translucent gate.
 51460 | Depths:3 | Found a runed translucent gate.
 51482 | Depths:3 | Found a runed translucent gate.
 51482 | Depths:3 | Found a runed translucent gate.
 51482 | Depths:3 | Found a runed translucent gate.
 51543 | Depths:3 | Identified the +3 scale mail of Raemnit {rPois Will+++}
 51773 | Depths:3 | Found a corrupted altar of Lugonu.
 51773 | Depths:3 | Found a one-way gate to the infinite horrors of the Abyss.
 52184 | Depths:3 | Identified the ring of Jeuceq {rF- rN+ Will+ rCorr Str+3}
 52188 | Depths:3 | Identified the staff of the Enchanted Forest {rC+ Earth}
 52201 | Depths:3 | Acquired a manual of Shields
 52274 | Depths:4 | Entered Level 4 of the Depths
 52450 | Depths:4 | Noticed a juggernaut
 52459 | Depths:4 | Killed a juggernaut
 52501 | Depths:4 | Noticed a golden dragon
 52519 | Depths:4 | Killed a golden dragon
 52710 | Depths:4 | Reached XP level 25. HP: 206/212 MP: 0/0
 52710 | Depths:4 | Learned a level 8 spell: Discord
 52836 | Depths:4 | Found a shadowy altar of Dithmenos.
 52952 | Depths:4 | Found a gate to the Realm of Zot.
 53337 | Vaults:5 | Entered Level 5 of the Vaults
 53597 | Vaults:5 | Identified the ring of Harr {*Slow rElec rF+ MP+9}
 53614 | Vaults:5 | Reached skill level 10 in Armour
 53689 | Vaults:5 | Reached skill level 27 in Fighting
 53712 | Vaults:5 | Identified the +2 orcbow of the Special Leylines {flame,
                  | Str+2}
 53891 | Vaults:5 | Identified the +9 halberd of Breach {protect, Str+3}
 53950 | Vaults:5 | Identified the amulet "Roacynem" {Reflect Harm Rampage
                  | Will+ SH+5 SInv}
 54378 | Vaults:5 | Noticed a dread lich
 54386 | Vaults:5 | Killed a dread lich
 54479 | Vaults:5 | Reached XP level 26. HP: 221/221 MP: 0/0
 54492 | Vaults:5 | Got a silver rune of Zot
 54551 | Vaults:5 | Noticed an ancient lich
 54556 | Vaults:5 | Killed an ancient lich
 54574 | Vaults:5 | Identified the +4 ring mail "Bikulenk" {+Inv rElec rCorr
                  | Dex-3}
 54606 | Vaults:5 | Identified the +3 hand axe "Ytteger" {freeze, rF+}
 55185 | Zot:1    | Entered Level 1 of the Realm of Zot
 55234 | Zot:1    | Noticed Vv
 55239 | Zot:1    | Killed Vv
 55285 | Zot:1    | Noticed an orb of fire
 55289 | Zot:1    | Killed an orb of fire
 56410 | Zot:1    | Noticed an ancient lich
 56529 | Zot:1    | Killed an ancient lich
 56626 | Zot:1    | Found a stormy altar of Qazlal.
 56857 | Zot:1    | Identified the +2 ring mail "Geiseufo" {-Cast Rampage Fly
                  | rF+}
 57408 | Zot:2    | Reached XP level 27. HP: 122/228 MP: 0/0
 57408 | Zot:2    | Learned a level 9 spell: Fire Storm
 58411 | Zot:3    | Noticed an orb of fire
 58412 | Zot:3    | Gained mutation: You occasionally lose the ability to drink
                  | potions when taking damage. [an orb of fire]
 58416 | Zot:3    | Killed an orb of fire
 59030 | Zot:4    | Identified the ring "Ifumijoc" {Ice ^Drain Str+4 Int+3}
 59030 | Zot:4    | Noticed Josephina
 59036 | Zot:4    | Killed Josephina
 59073 | Zot:4    | Found a runed translucent door.
 59073 | Zot:4    | Noticed wilo's ghost (master MfBe)
 59098 | Zot:4    | Killed wilo's ghost
 59205 | Zot:4    | Noticed a Killer Klown
 59212 | Zot:4    | Killed a Killer Klown
 59219 | Zot:4    | Reached skill level 27 in Alchemy
 59431 | Zot:4    | Noticed a Killer Klown
 59432 | Zot:4    | Noticed a Killer Klown
 59437 | Zot:4    | Killed a Killer Klown
 59439 | Zot:4    | Killed a Killer Klown
 59497 | Zot:4    | Noticed a Killer Klown
 59499 | Zot:4    | Killed a Killer Klown
 59690 | Zot:4    | Noticed a Killer Klown
 59711 | Zot:4    | Killed a Killer Klown
 60140 | Zot:5    | Entered Level 5 of the Realm of Zot
 60858 | Depths:3 | Voluntarily entered the Abyss.
 61239 | Abyss:3  | Gained mutation: You are very vulnerable to cold. (rC--) [a
                  | neqoxec]
 61462 | Abyss:3  | Found a corrupted altar of Lugonu.
 61473 | Abyss:3  | Reached skill level 15 in Armour
 61501 | Abyss:3  | Got an abyssal rune of Zot
 61583 | Abyss:3  | Found a corrupted altar of Lugonu.
 61625 | Depths:3 | Escaped the Abyss
 61886 | Crypt:1  | Entered Level 1 of the Crypt
 62753 | Crypt:2  | Noticed Boris
 62758 | Crypt:2  | Killed Boris
 63484 | Crypt:1  | Found a basalt altar of Yredelemnul.
 63538 | Crypt:3  | Entered Level 3 of the Crypt
 64299 | Crypt:3  | Identified the ring of Owamopp {rElec Will+}
 64478 | Crypt:3  | Noticed a dread lich
 64541 | Crypt:3  | Killed a dread lich
 64673 | Crypt:3  | Identified the +0 leather armour of Weirdness {+Blink}
 64967 | Crypt:3  | Identified the +4 morningstar of the Other Side {antimagic,
                  | Int+3}
 64974 | Crypt:3  | Identified the ring of Midnight {*Slow MP+9 Str+5 SInv}
 65210 | Crypt:3  | Found a staircase to the Tomb.
 65631 | Slime:1  | Entered Level 1 of the Pits of Slime
 65970 | Slime:5  | Entered Level 5 of the Pits of Slime
 66180 | Slime:5  | Noticed the Royal Jelly
 66184 | Slime:5  | Killed the Royal Jelly
 66216 | Slime:5  | Mangled by a rockslime

Illustrated notes

Levels and vault maps discovered:
D:1:      grunt_arrival_lava_bath, layout_rooms, corexii_leaking_fountain,
          dreamdust_princess_bridge, grunt_decor_mini_mirrors
D:2:      minmay_evil_eye, layout_basic, uniq_natasha, uniq_robin
D:3:      layout_rooms, serial_shops, shop, st_stairs_5, amethyst_killhole,
          nrook_campfire
D:4:      layout_rooms, gammafunk_ghost_stat_death, enter_ossuary_5,
          kennysheep_small_spiral, uniq_eustachio, uniq_blork_the_orc
D:5:      layout_loops_ring, minmay_temple_entry_from_below_a, serial_shops,
          shop, lemuel_flamethrower_2, uniq_pikel
D:6:      layout_loops_ring, lemuel_round_altar, marbit_many_paths,
          nicolae_overflow_crystal_walls, makhleb_heckhound_becter
D:7:      layout_cave_pools, gammafunk_ghost_gnarly_gnolls,
          small_statue_intersection
D:8:      layout_basic, mainiacjoe_overflow_cross_hatched, tgw_fedhas,
          chequers_temple_overflow_minitemple, lemuel_round_altar,
          nicolae_qazlal_scattered_showers, uniq_maggie
D:9:      minmay_spotlight, layout_loops_ring, orc_0_dummy, serial_bayou,
          serial_bayou_shore_b, serial_bayou_crossing, serial_bayou_lagoon_b,
          serial_bayou_shore_a, roadster_capsule_ark_zombie
D:10:     layout_loops_ring, dpeg_lair_monsters
D:11:     layout_roguey, lemuel_flame_loot_1
D:12:     kennysheep_blocky_room, layout_basic, gammafunk_ghost_hydra_chop
D:13:     layout_cave_pools, eino_small_chamber_without_monster,
          nrook_mini_vaults
D:14:     layout_loops_ring, hangedman_vaults_entry_quadrant_bands,
          minmay_fountain_box, serial_shops, nicolae_shop_tiny_real_fake_doors,
          gammafunk_ghost_arena, kennysheep_dice
D:15:     grunt_enter_depths_hoard, layout_stronghold,
          chequers_serial_rivers_room_a, nicolae_titane
Lair:1:   layout_cave_pods, grunt_megastairs_5
Lair:2:   layout_gridlike, gauntlet_entry_generic, nicolae_quartered_pool_super,
          infiniplex_staircase_pool_2
Lair:3:   layout_big_grid, elwin_shoals_entry_rocks, alex1729_snake_entry_snake
Lair:4:   layout_cave_pods
Lair:5:   evilmike_catoblepas_cave, layout_regular_city,
          minmay_slime_entry_pillars
Shoals:1: cheibrodos_shoals_roost, layout_shoals, ebering_ghost_xom,
          nicolae_shoals_lost_giant_baths
Shoals:2: layout_shoals, serial_shops, nicolae_shop_window_shopping,
          nicolae_shoals_siren_and_animal_friends, uniq_polyphemus, uniq_roxanne
Shoals:3: layout_shoals
Shoals:4: shoals_end_hellmonk_lost_city
Snake:1:  layout_misc_corridors, gammafunk_ghost_berserking_beasts,
          minmay_shop_star
Snake:2:  layout_cave_pods
Snake:3:  layout_gridlike, serial_shops, nicolae_shop_hallway_stairs,
          nicolae_shop_overcharged_wands, uniq_agnes
Snake:4:  hellmonk_snake_rune_quicksilver_temple, layout_rooms
Slime:1:  cheibrodos_slime_lost_civilization_1, layout_caves
Slime:2:  layout_caves
Slime:3:  layout_caves
Slime:4:  layout_caves
Slime:5:  slime_pit_nicolae_royal_road_to_ruin
Orc:1:    giant_chief_lemuel, layout_diamond_mine
Orc:2:    kennysheep_orc_mage_school, layout_caves, ebering_ghost_inner_flame,
          basic_altar, serial_shops, shop, elves_outpost_lemuel, uniq_sonja,
          uniq_nessos
Elf:1:    minmay_elf_arrival_plus, layout_gridlike,
          gammafunk_ghost_wrathful_warriors, serial_shops, shop, shop_statue,
          shop, nicolae_shop_trees, nicolae_shop_tiny_waterfront,
          minmay_elf_crystal_heptagon
Elf:2:    elven_hall_of_blades_hangedman_original
          [nicolae_blade_entry_crossed_weapons], layout_geoelf_octagon
Elf:3:    minmay_elf_hall_not_hex, layout_geoelf_octagon, serial_shops, shop,
          uniq_norris
Vaults:1: grunt_vaults_funnel, nicolae_vaults_specimen_jars,
          nicolae_vaults_hallways_thing, nicolae_vaults_little_ls,
          nicolae_vaults_house_2, v_alt_pattern_4, vaults_dpeg_encased_lava,
          hangedman_vaults_cutoff, nicolae_vaults_wine_cellar,
          nicolae_vaults_trapezoid_4, layout_vaults_omnigrid
Vaults:2: nicolae_vaults_murderbox, v_rooms_5, minmay_crypt_entry_nasty_monster,
          nicolae_vaults_little_squares_1, v_alt_pattern_5,
          nicolae_vaults_closet_pinwheel_5, nicolae_vaults_bisected_slash,
          nicolae_vaults_trapezoid_2, ontoclasm_vaults_decontamination,
          ontoclasm_vaults_chip, vaults_room_pools, layout_vaults_chaotic_city,
          uniq_nikola
Vaults:3: nicolae_vaults_offset_grid_hallway_2,
          nicolae_vaults_ring_of_whatevers, nicolae_vaults_halls_meeting,
          ontoclasm_vaults_claustrophobia, nicolae_vaults_house_3, v_misc_15,
          ontoclasm_vaults_spin, nicolae_vaults_closet_pinwheel_1,
          grunt_vaults_focal, v_alt_pattern_2, layout_vaults_ring
Vaults:4: nicolae_vaults_ellipses_ellipsis, ontoclasm_vaults_ring_square,
          grunt_vaults_trifunnel, vaults_dpeg_ring,
          nicolae_vaults_variable_pillar_hall, v_alt_pattern_2, v_misc_1,
          nicolae_vaults_cornered_office, ontoclasm_vaults_gateway,
          vaults_room_corners, layout_vaults_omnicross, serial_shops,
          nicolae_shop_hallway_plus, uniq_frederick, uniq_zenata
Vaults:5: serial_shops, uniq_margery
Crypt:1:  layout_rooms, lemuel_upstairs_altar
Crypt:2:  layout_gridlike, uniq_boris
Crypt:3:  due_elkab, layout_chaotic_city, nicolae_tomb_entry_grand_gallery,
          st_stairs_7
Depths:1: layout_cave_pools, minmay_splitting_lines, rand_demon_pan_entry_4,
          grunt_hell_entry_dis_old, serial_bayou_lagoon_a, slow_altar_1,
          uniq_saint_roka
Depths:2: minmay_blocking_statues, layout_small_grid, enter_ziggurat_c,
          rand_demon_pan_entry_1, hell_entry, lemuel_tele_altar,
          kennysheep_generic_room_16, grunt_megastairs_1,
          minmay_staircase_statues, uniq_bai_suzhen
Depths:3: kennysheep_treasure_stockpile, layout_cave_shapes,
          minmay_misc_feat_square, hangedman_coc_ice_floe,
          abyss_entry_flame_altar, minmay_staircase_bubble
Depths:4: grunt_zot_entry_gee_three, layout_cave_pools, hell_entry,
          nicolae_dithmenos_the_darkroom
Zot:1:    regret_index_qazlal_generations, layout_basic,
          regret_index_zotdec_zees, st_stairs_2, uniq_grunn, uniq_vv
Zot:2:    layout_onion_interference, regret_index_zotdec_barnacled_simple
Zot:3:    layout_onion, skrybe_zot_glass_1
Zot:4:    circus_mu, layout_basic, ebering_ghost_reflecting_pool,
          grunt_ministairs_14, nicolae_zot_crop_circle, uniq_josephina
Zot:5:    layout_twisted_circle

Skill      XL: |  1  2  3  4  5  6  7  8  9 10 11 12 13 14 15 16 17 18 19 20 21 22 23 24 25 26 27 |
---------------+----------------------------------------------------------------------------------+-----
Fighting       | 1 2 3 4 5 6 8 10 12 13 15 16 17 19 20 21 22 23 24 25 26 27 | 27.0
Dodging        | 3 4 6 7 |  7.0
Spellcasting   | 4 5 6 8 9 10 11 12 13 14 15 16 17 18 19 20 21 22 25 | 25.2
Conjurations   | 4 5 6 8 9 10 11 12 13 14 15 16 17 18 19 20 21 22 25 | 25.2
Hexes          | 4 5 6 8 9 10 11 12 13 14 15 16 17 18 19 20 21 22 25 | 25.2
Summonings     | 4 5 6 8 9 10 11 12 13 14 15 16 17 18 19 20 21 22 25 | 25.2
Necromancy     | 4 5 6 8 9 10 11 12 13 14 15 16 17 18 19 20 21 22 25 | 25.2
Translocations | 4 5 6 8 9 10 11 12 13 14 15 16 17 18 19 20 21 22 25 | 25.2
Fire Magic     | 4 5 6 8 9 10 11 12 13 14 15 16 17 18 19 20 21 22 25 | 25.2
Ice Magic      | 4 5 6 8 9 10 11 12 13 14 15 16 17 18 19 20 21 22 25 | 25.2
Air Magic      | 4 5 6 8 9 10 11 12 13 14 15 16 17 18 19 20 21 22 25 | 25.2
Earth Magic    | 4 5 6 8 9 10 11 12 13 14 15 16 17 18 19 20 21 22 25 | 25.2
Alchemy        | 4 5 6 8 9 10 11 12 13 14 15 16 17 19 20 22 23 24 26 27 | 27.0
Armour         | 1 2 4 6 7 8 9 11 12 16 | 16.8
Shields        | 2 4 5 7 9 10 11 12 13 14 15 16 18 20 22 | 22.8
Stealth        | |  1.5

Action                     |  1- 3 |  4- 6 |  7- 9 | 10-12 | 13-15 | 16-18 | 19-21 | 22-24 | 25-27 || total
---------------------------+-------+-------+-------+-------+-------+-------+-------+-------+-------++-------
  Melee: Quick blade       |       |    22 |     8 |       |       |       |       |       |       ||    30
         Whip              |       |       |     1 |    17 |     2 |       |       |       |       ||    20
         Staff             |       |       |       |       |       |     1 |       |     1 |    10 ||    12
   Cast: Foxfire           |    88 |   148 |   193 |   228 |   304 |       |       |       |     2 ||   963
         Scorch            |       |     8 |    24 |    53 |    74 |    23 |     3 |     4 |     2 ||   191
         Static Discharge  |       |     2 |       |     2 |     2 |     1 |       |     1 |       ||     8
         Flame Wave        |       |     1 |     4 |    45 |    75 |    27 |    22 |    23 |    16 ||   213
         Dazzling Flash    |       |       |     2 |     1 |     1 |     3 |       |       |       ||     7
         Volatile Blastmot |       |       |     6 |     4 |     1 |       |       |       |       ||    11
         Frozen Ramparts   |       |       |     3 |    21 |    25 |    25 |     7 |     2 |       ||    83
         Fulminant Prism   |       |       |       |    33 |    19 |    19 |     5 |     2 |       ||    78
         Fireball          |       |       |       |       |   166 |   531 |   501 |   550 |   573 ||  2321
         Bombard           |       |       |       |       |     3 |    14 |    71 |   177 |   850 ||  1115
         Freeze            |       |       |       |       |     1 |       |       |       |       ||     1
         Eringya's Noxious |       |       |       |       |       |     7 |    14 |    12 |     1 ||    34
         Dispersal         |       |       |       |       |       |       |     2 |     5 |    15 ||    22
         Maxwell's Capacit |       |       |       |       |       |       |     3 |    11 |    46 ||    60
         Disjunction       |       |       |       |       |       |       |       |     3 |     5 ||     8
         Inner Flame       |       |       |       |       |       |       |       |       |     2 ||     2
         Fire Storm        |       |       |       |       |       |       |       |       |     1 ||     1
    Use: Potion            |       |     3 |       |       |     3 |       |       |       |     1 ||     7
         Scroll            |       |       |     1 |    10 |    16 |       |     3 |     5 |     5 ||    40
   Stab: Sleeping          |       |     4 |     1 |       |       |       |       |       |       ||     5
 Armour: Robe              |     1 |    44 |    23 |       |       |       |       |       |       ||    68
         Leather armour    |       |       |     2 |    17 |       |       |       |       |       ||    19
         Acid dragon scale |       |       |       |    74 |       |       |       |       |       ||    74
         Swamp dragon scal |       |       |       |    20 |   160 |   113 |   181 |   174 |       ||   648
         Ice dragon scales |       |       |       |       |       |       |       |    51 |   450 ||   501
  Dodge: Dodged            |     2 |    24 |    32 |   138 |   221 |   152 |   169 |   124 |   196 ||  1058
  Block: Buckler           |       |       |       |       |    55 |    51 |    75 |    27 |       ||   208
         Kite shield       |       |       |       |       |       |       |       |    66 |   276 ||   342
